 Dungeon Crawl Stone Soup version 0.31.0-9-g3a7656b989 (webtiles) character file.

Game seed: 5258614265649021244

108 qw the Skirmisher (level 4, -5/25 HPs)
             Began as a Deep Elf Hunter on Feb 2, 2024.
             Slain by a ribbon worm (8 damage)
             ... on level 3 of the Dungeon.
             The game lasted 00:00:06 (1412 turns).

qw the Skirmisher (Deep Elf Hunter)                 Turns: 1412, Time: 00:00:06

Health: -5/25      AC:  3    Str: 10    XL:     4   Next: 58%
Magic:  6/6        EV: 13    Int: 14    God:
Gold:   108        SH:  0    Dex: 18    Spells: 3/3 levels left

rFire   . . .        a - +1 shortbow
rCold   . . .        (shield currently unavailable)
rNeg    . . .        g - +0 robe "Qaajiman" {rPois}
rPois   +            (no helmet)
rElec   .            f - +0 cloak
rCorr   .            (no gloves)
SInv    .            (no boots)
Will    .....        (no amulet)
Stlth   ++           (no ring)
HPRegen 0.24/turn    (no ring)
MPRegen 0.10/turn

%: no passive effects
@: no status effects
A: no striking features
a: no special abilities


You were on level 3 of the Dungeon.
You visited 1 branch of the dungeon, and saw 3 of its levels.

You collected 108 gold pieces.


   Skills:
 - Level 1.5 Fighting
 - Level 8.0 Ranged Weapons
 + Level 2.4 Dodging
 - Level 1.2 Stealth


You had 3 spell levels left.
You didn't know any spells.
Your spell library was empty.

Inventory:

Hand Weapons
 a - a +1 shortbow (weapon)
Armour
 c - a +0 leather armour
 f - a +0 cloak (worn)
 g - the +0 robe "Qaajiman" (worn) {rPois}
   (You found it on level 2 of the Dungeon)

   rPois:     It protects you from poison
 h - a +2 robe of willpower
Scrolls
 b - a scroll of identify
Potions
 d - 2 potions of might
 e - 3 potions of curing {unknown}

Dungeon Overview and Level Annotations

Branches:
Dungeon (3/15)

Altars:
Hepliaklqana
Nemelex Xobeh


Message History

The web tears apart.
The orc priest miscasts a cantrip.
You shoot an arrow.
The arrow barely misses the ribbon worm.
The arrow hits the ribbon worm!
The ribbon worm is moderately wounded.
The orc priest begins to cast a cantrip, but forgets the words!
You shoot an arrow. The arrow hits the ribbon worm.
The ribbon worm is lightly wounded.
The orc priest mumbles some strange prayers to Beogh against you.
Beogh smites you!
You shoot an arrow. The arrow hits the ribbon worm.
The ribbon worm is moderately wounded.
The orc priest calls down the wrath of Beogh upon you.
Beogh smites you!
1406 ||| DRINKING potion of heal wounds.
You feel much better. The ribbon worm closely misses you.
You shoot an arrow. The arrow hits the ribbon worm!
The ribbon worm is severely wounded.
The orc hits you but does no damage.
You shoot an arrow. The arrow hits the ribbon worm!
You kill the ribbon worm!
The orc closely misses you.
Your Ranged Weapons skill increases to level 8!
You shoot an arrow. The arrow hits the orc!
You kill the orc!
The ribbon worm expels a string of sticky webbing.
The stream of webbing hits you but does no damage.
You are caught in a web!
The orc priest mumbles some strange prayers to Beogh against you.
Pain shoots through your body!
You struggle to detach yourself from the web.
The orc priest hits you from afar with a +0 trident.
The web tears apart.
The ribbon worm closely misses you. The orc priest misses you.
You shoot an arrow.
The arrow barely misses the ribbon worm.
The orc priest barely misses you. The ribbon worm bites you!
You die...

.....# #.# #.. ####.#
#.# ### ###.# ####.# #
##...# #...### # ...#.#
#.... # ##...##### #
#^.... # .........###<
#^^^... #
.............####)o.....
# #...####..#
...#@w...... # #####
#..# #.#%#...>..
#..####...# .....
#.>..###.## .... ####
#########.#.# #.# ...
#... ....#.......###.#
... #.##
###.#.#.........# #..
#.# #.#.#.#.#.##### #.#
#.# #.......#.# #.# #.#


You could see a ribbon worm and an orc priest.

Vanquished Creatures
  Natasha (D:3)
  An adder (D:2)
  2 dart slugs
  3 ribbon worms
  2 orcs (D:3)
  4 ball pythons
  4 endoplasms
  2 giant cockroaches
  5 goblins
  7 hobgoblins
  4 jackals (D:3)
  6 kobolds
  A quokka (D:1)
  4 bats
  4 frilled lizards
  7 rats
57 creatures vanquished.

Notes
Turn   | Place    | Note
-------+----------+-------------------------------------------
     0 | D:1      | qw the Deep Elf Hunter began the quest for the Orb.
     0 | D:1      | Reached XP level 1. HP: 12/12 MP: 3/3
     0 | D:1      | 0 ||| qw: Version: 0.3-a-155-g5e7d8dd
     0 | D:1      | 0 ||| qw: Game counter: 52
     0 | D:1      | 0 ||| qw: Melee chars always use a shield: true
     0 | D:1      | 0 ||| qw: God list: Okawaru
     0 | D:1      | 0 ||| qw: Allow faded altars: false
     0 | D:1      | 0 ||| qw: Do Orc after clearing Dungeon:15 true
     0 | D:1      | 0 ||| qw: Do second Lair branch before Depths: true
     0 | D:1      | 0 ||| qw: Lair rune preference: random
     0 | D:1      | 0 ||| qw: Goals: Normal
     0 | D:1      | 0 ||| PLANNING D:1-11
   104 | D:1      | Reached skill level 6 in Ranged Weapons
   104 | D:1      | Reached XP level 2. HP: 16/16 MP: 4/4
   361 | D:1      | Reached XP level 3. HP: 20/20 MP: 5/5
   447 | D:1      | 447 ||| UPGRADING to +0 cloak.
   452 | D:1      | 452 ||| READING scroll labelled QYT YRATTAEXA.
   453 | D:1      | 453 ||| DROPPING scroll of butterflies.
   548 | D:2      | Reached skill level 7 in Ranged Weapons
   642 | D:2      | Identified the +0 robe "Qaajiman" {rPois}
   699 | D:2      | Found a faded altar of an unknown god.
   791 | D:2      | 791 ||| DROPPING +1 heavy sling.
   803 | D:2      | Found a hazy altar of Hepliaklqana.
  1018 | D:2      | 1018 ||| UPGRADING to +0 robe "Qaajiman" {rPois}.
  1028 | D:2      | 1028 ||| READING scroll labelled YGREOH DUACEAB.
  1028 | D:2      | 1028 ||| ENCHANTING +0 shortbow.
  1029 | D:2      | 1029 ||| READING 2 scrolls labelled VUHODE WUFOMYR.
  1030 | D:2      | 1030 ||| READING scroll labelled BEURIS LEHE.
  1030 | D:2      | 1030 ||| IDENTIFYING puce potion
  1031 | D:2      | 1031 ||| DRINKING 2 cyan potions.
  1032 | D:2      | 1032 ||| DROPPING scroll of fear.
  1051 | D:3      | 1051 ||| STAIRDANCE
  1135 | D:3      | Noticed Natasha
  1141 | D:3      | Killed Natasha
  1142 | D:3      | Reached XP level 4. HP: 11/25 MP: 6/6
  1223 | D:3      | Found a sparkling altar of Nemelex Xobeh.
  1405 | D:3      | HP: 3/25 [orc priest/divine providence (10)]
  1406 | D:3      | 1406 ||| DRINKING potion of heal wounds.
  1409 | D:3      | Reached skill level 8 in Ranged Weapons
  1410 | D:3      | HP: 2/25 [orc priest/+0 trident (6)]
  1412 | D:3      | Slain by a ribbon worm

Levels and vault maps discovered:
D:1:      psy_arrival_basics, layout_basic, grunt_decor_mini_mirrors
D:2:      layout_basic, shapermc_ecumenical_altar_pompeii, basic_altar,
          serial_bayou_lake_a
D:3:      layout_loops_ring, mainiacjoe_overflow_brackets, nicolae_wormholes,
          uniq_natasha

Skill      XL: |  1  2  3  4 |
---------------+-------------+-----
Ranged Weapons | 6 7 8 |  8.0
Fighting       | |  1.5
Dodging        | |  2.4
Stealth        | |  1.2

Action                     |  1- 3 |  4- 6 || total
---------------------------+-------+-------++-------
   Fire: Shortbow          |   114 |    27 ||   141
    Use: Scroll            |     4 |       ||     4
         Potion            |     1 |     1 ||     2
 Armour: Leather armour    |    11 |       ||    11
         Robe              |     2 |     3 ||     5
  Dodge: Dodged            |    10 |     5 ||    15

Table legend:
 A = Non-vault XP
 B = Vault XP
 C = Vault XP percentage of total XP
 D = Non-vault monster count
 E = Vault monster count
 F = Vault count percentage of total count
                 A         B        C        D         E       F
            +---------+---------+-------+---------+---------+-------
      Total |     111 |      44 |  28.4 |      54 |       3 |   5.3
            +---------+---------+-------+---------+---------+-------
        D:1 |      41 |       0 |   0.0 |      24 |       0 |   0.0
        D:2 |      50 |       0 |   0.0 |      20 |       0 |   0.0
        D:3 |      20 |      44 |  68.8 |      10 |       3 |  23.1
            +---------+---------+-------+---------+---------+-------
